 Dungeon Crawl Stone Soup version bcrawl-1.19-7-g22fd707d3b (webtiles) character file.

Game seed: 17672636664695002519

200 Morbidden the Conjurer (level 5, -2/40 HPs)
             Began as a Draconian Conjurer on Nov 17, 2019.
             Killed by nerve-wracking pain
             ... invoked by Grinder
              (13 damage)
             ... while paralysed by Grinder
             ... on level 3 of the Dungeon.
             The game lasted 00:05:07 (2611 turns).

Morbidden the Conjurer (Draconian Conjurer)         Turns: 2611, Time: 00:05:08

Health: -2/40      AC:  5    Str: 11    XL:     5   Next: 48%
Magic:  9/9        EV:  2    Int: 16    God:
Gold:   106        SH:  0    Dex: 11    Spells: 6/10 levels left

rFire    . . .     SeeInvis .   e - +0 spear
rCold    . . .     Gourm    .   (no shield)
rNeg     . . .     Faith    .   (armour unavailable)
rPois    .         Spirit   .   (helmet restricted)
rElec    .         Reflect  .   (no cloak)
rCorr    .         Harm     .   (no gloves)
MR       .....                  (no boots)
Stlth    +.........             (no amulet)
HPRegen  0.13/turn              (no ring)
MPRegen  0.11/turn              (no ring)

@: confused, paralysed
A: unfitting armour, cold-blooded, AC +5
a: no special abilities


You were on level 3 of the Dungeon.
You were not hungry.

You visited 1 branch of the dungeon, and saw 3 of its levels.

You collected 106 gold pieces.

Inventory:

Hand Weapons
 e - a +0 spear (weapon)
 j - a +1 dagger of venom
Missiles
 n - 117 javelins (quivered)
Wands
 m - a wand of polymorph (11)
 q - a wand of digging (8)
Scrolls
 a - 2 scrolls of teleportation {unknown}
 b - a scroll of fog {unknown}
 f - 3 scrolls of remove curse {unknown}
 i - 4 scrolls of identify {unknown}
 k - 2 scrolls of amnesia {unknown}
 l - a scroll of immolation {unknown}
Potions
 d - a potion of might {unknown}
 g - a potion of brilliance {unknown}
 h - 4 potions of curing
 o - a potion of lignification {unknown}
 p - a potion of ambrosia
Comestibles
 c - 2 rations {!d}
 r - a chunk of flesh


   Skills:
 * Level 1.3 Fighting
 + Level 1.9 Polearms
 + Level 2.0 Dodging
 + Level 2.1 Stealth
 + Level 0.2 Unarmed Combat
 * Level 3.1 Spellcasting
 * Level 5.4 Conjurations


You had 6 spell levels left.
You knew the following spells:

 Your Spells              Type           Power        Failure   Level  Hunger
a - Magic Dart            Conj           ###.         1%          1    #......
b - Iskenderun's Mystic   Conj           ###.....     6%          3    ###....

Your spell library contained the following spells:

 Spells                   Type           Power        Failure   Level  Hunger
 Searing Ray              Conj           ###...       3%          2    ##.....
 Fulminant Prism          Conj/Hex       ##........   52%         4    #####..
 Irradiate                Conj/Tmut      ##........   86%         5    ######.


Dungeon Overview and Level Annotations

Branches:
Dungeon (3/12)

Altars:
Ashenzari

Annotations:
D:3 Grinder


Innate Abilities, Weirdness & Mutations

Your plain brown scales are hard. (AC +5)
You cannot fit into any form of body armour.
You are cold-blooded and may be slowed by cold attacks.


Message History

The orb of energy hits Grinder.
Grinder is heavily wounded.
The orb of energy explodes!
Grinder barely misses you.
Unknown command.
Unknown command.
It was a potion of ambrosia.
You are confused.
You feel invigorated. Grinder hits you.
* * * LOW HITPOINT WARNING * * *
You writhe in agony.
* * * LOW HITPOINT WARNING * * *
Unknown command.
Grinder gestures at you.
You suddenly lose the ability to move!
Grinder gestures at you. Pain shoots through your body!
* * * LOW HITPOINT WARNING * * *
Grinder gestures at you. Pain shoots through your body!
You die...

#############
#...........#
#.#########.# #.# #.#
#.# #.# #.# #.# #.# #.#
#.# #.# #@# #.#####.
#5# #####....... #.#
#....รท#####. #########
#..$....###.#
........#############.#
..........>...........#
....##..###############
.........# .........###


You could see Grinder.

Vanquished Creatures
  Jessica (D:3)
  An iguana (D:2)
  Terence (D:2)
  A hound skeleton (D:2)
  2 gnolls
  3 adders
  An ooze (D:1)
  2 adder skeletons (D:2)
  An adder zombie (D:2)
  A worm (D:3)
  A dart slug (D:1)
  2 leopard geckos
  An orc (D:2)
  2 ball pythons
  A bat (D:2)
  A bat skeleton (D:2)
  A bat zombie (D:2)
  3 goblins
  2 hobgoblins
  4 jackals (D:2)
  A quokka (D:3)
  5 frilled lizards
  A giant cockroach zombie (D:2)
  4 kobolds (D:1)
  A quokka zombie (D:2)
  7 rats
51 creatures vanquished.

Notes
Turn   | Place    | Note
-------+----------+-------------------------------------------
     0 | D:1      | Morbidden the Draconian Conjurer began the quest for the
                  | Orb.
     0 | D:1      | Reached XP level 1. HP: 14/14 MP: 3/3
   130 | D:1      | Reached XP level 2. HP: 20/20 MP: 1/5
   451 | D:1      | Found a shattered altar of Ashenzari.
   626 | D:1      | Reached XP level 3. HP: 27/27 MP: 4/6
  1007 | D:2      | Noticed Terence
  1021 | D:2      | Killed Terence
  1021 | D:2      | Reached skill level 1 in Fighting
  1021 | D:2      | Reached skill level 5 in Conjurations
  1198 | D:2      | Reached XP level 4. HP: 34/35 MP: 1/7
  1357 | D:2      | Learned a level 3 spell: Iskenderun's Mystic Blast
  2129 | D:3      | Reached XP level 5. HP: 40/40 MP: 4/9
  2129 | D:3      | Noticed Jessica
  2133 | D:3      | Killed Jessica
  2133 | D:3      | Reached skill level 1 in Polearms
  2598 | D:3      | Noticed Grinder
  2599 | D:3      | Paralysed by Grinder for 4 turns
  2608 | D:3      | Paralysed by Grinder for 4 turns
  2611 | D:3      | Killed from afar by Grinder

Skill      XL: |  1  2  3  4  5 |
---------------+----------------+-----
Fighting       | 1 |  1.3
Conjurations   | 5 |  5.4
Polearms       | 1 |  1.9
Dodging        | 2 |  2.0
Spellcasting   | 3 |  3.1
Stealth        | |  2.1
Unarmed Combat | |  0.2

Action                   |  1- 3 |  4- 6 || total
-------------------------+-------+-------++-------
Melee: Unarmed           |     8 |       ||     8
       Spear             |    21 |    41 ||    62
       Tailslap          |       |     4 ||     4
 Cast: Magic Dart        |    50 |    52 ||   102
       Iskenderun's Myst |       |     7 ||     7
  Use: Potion            |       |     5 ||     5
 Stab: Sleeping          |       |     1 ||     1
  Eat: Chunk             |     1 |     6 ||     7
Armor: Skin              |     4 |     8 ||    12
Dodge: Dodged            |    19 |    33 ||    52
